 Dungeon Crawl Stone Soup version 0.29-a0-830-gcb1280458a (webtiles) character file.

Game seed: 16639737762476524189

35 RBrandon the Trooper (level 3, -1/29 HPs)
             Began as a Demonspawn Monk on July 12, 2022.
             Slain by Sigmund
             ... wielding a +0 scythe
              (6 damage)
             ... on level 2 of the Dungeon.
             The game lasted 00:02:36 (1393 turns).

RBrandon the Trooper (Demonspawn Monk)              Turns: 1393, Time: 00:02:36

Health: -1/29      AC:  3    Str: 11    XL:     3   Next: 16%
Magic:  3/3        EV: 12    Int: 11    God:
Gold:   100        SH:  0    Dex: 17    Spells: 2/2 levels left

rFire   . . .      SeeInvis .   j - +2 dagger (vamp)
rCold   . . .      Faith    .   (no shield)
rNeg    . . .      Spirit   .   h - +0 leather armour
rPois   .          Reflect  .   (no helmet)
rElec   .          Harm     .   (no cloak)
rCorr   .          Rampage  .   (no gloves)
Will    .....                   (no boots)
Stlth   +.........              (no amulet)
HPRegen 0.09/turn               (no ring)
MPRegen 0.08/turn               (no ring)

@: confused, ambrosia-drunk
A: claws 1
a: no special abilities


You were on level 2 of the Dungeon.
You visited 1 branch of the dungeon, and saw 2 of its levels.

You collected 100 gold pieces.

Inventory:

Hand Weapons
 a - a +0 falchion
 j - a +2 vampiric dagger (weapon)
   (You took it off an orc on level 1 of the Dungeon)
Armour
 b - a +0 robe
 h - a +0 leather armour (worn)
Scrolls
 d - 2 scrolls of identify {unknown}
 e - a scroll of amnesia {unknown}
 f - a scroll of immolation
 g - a scroll of fear {unknown}
 i - a scroll of summoning {unknown}
Potions
 c - a potion of ambrosia


   Skills:
 - Level 3.2 Fighting
 - Level 2.9 Long Blades
 - Level 2.9 Dodging
 - Level 1.7 Stealth
 + Level 1.8 Unarmed Combat


You had 2 spell levels left.
You didn't know any spells.
Your spell library was empty.

Dungeon Overview and Level Annotations

Branches:
Dungeon (2/15)

Altars:

Shops:
D:2 =

Annotations:
D:2 Sigmund


Innate Abilities, Weirdness & Mutations

You have sharp fingernails.


Message History

You kill the orc!
Things that are here:
a +2 vampiric dagger; an orc corpse
j - a +2 vampiric dagger
There is a stone staircase leading down here.
You feel a sense of dread.
j - a +2 vampiric dagger (weapon)
You climb downwards.
Level annotation: Sigmund
There is a stone staircase leading up here.
The orc priest hits you from afar with a +0 trident.
You climb upwards.
There is a stone staircase leading down here.
You see here a quokka skeleton.
There is an open door here.
There is an open door here.
There is an open door, spattered with blood here.
Things that are here:
a +0 whip; a +0 club
There is a stone staircase leading down here.
You start resting.
HP restored.
You climb downwards.
Level annotation: Sigmund Sigmund zaps a wand.
You resist with significant effort. Sigmund hits you with a +0 scythe!
There is a stone staircase leading up, spattered with blood here.
You hit Sigmund but do no damage. You barely miss Sigmund.
Sigmund barely misses you.
You hit Sigmund but do no damage. Sigmund hits you with a +0 scythe.
You hit Sigmund but do no damage. You barely miss Sigmund.
Sigmund gestures at you while chanting. The magic dart hits you.
* * * LOW HITPOINT WARNING * * *
You are confused.
You feel invigorated. Sigmund hits you with a +0 scythe!
* * * LOW HITPOINT WARNING * * *
Sigmund attacks as you move away! Sigmund hits you with a +0 scythe.
You die...

#. .. # .# #. ###
##.# . ..# #..
#.#.# #.#
#.#.#####.####
##...!.##...∩.##
#...@..........##
#.....@.......^..#
#....≈≈≈.........#
#.....⌠≈.>.......#
#.....≈......†...#
#...............<#
#................#
................##
..##.....##


You could see Sigmund.

Vanquished Creatures
  An orc (D:1)
  4 bats
  2 endoplasms (D:1)
  2 giant cockroaches (D:1)
  3 hobgoblins (D:1)
  3 kobolds (D:1)
  2 quokkas (D:1)
  2 ball pythons (D:1)
  2 frilled lizards (D:1)
  6 goblins (D:1)
  4 rats (D:1)
31 creatures vanquished.

Vanquished Creatures (others)
  8 fungi (D:1)
  5 toadstools (D:1)
13 creatures vanquished.

Grand Total: 44 creatures vanquished

Notes
Turn   | Place    | Note
-------+----------+-------------------------------------------
     0 | D:1      | RBrandon the Demonspawn Monk began the quest for the Orb.
     0 | D:1      | Reached XP level 1. HP: 18/18 MP: 1/1
   239 | D:1      | Gained mutation: You have sharp fingernails. [demonic
                  | ancestry]
   239 | D:1      | Reached XP level 2. HP: 19/24 MP: 2/2
   471 | D:1      | Reached skill level 1 in Unarmed Combat
   538 | D:1      | Found a faded altar of an unknown god.
   638 | D:1      | Reached XP level 3. HP: 15/29 MP: 3/3
  1220 | D:2      | Found Huneywkoca's Jewellery Shop.
  1232 | D:2      | Noticed Sigmund
  1393 | D:2      | Slain by Sigmund

Illustrated notes

Levels and vault maps discovered:
D:1:      dpeg_arrival_tiny_a, layout_basic, hellmonk_ecumenical_altar_blasted,
          minivault_11, minmay_gold_behind_fungi
D:2:      cheibrodos_pilgrimage, layout_rooms, serial_shops,
          nicolae_square_shop, shop, shop, shop, chequers_serial_rivers_micro_d,
          minmay_misc_feat_room, corexii_leaking_fountain, minmay_tromino_i2,
          uniq_sigmund

Skill      XL: |  1  2 |
---------------+-------+-----
Unarmed Combat | 1 |  1.8
Fighting       | |  3.2
Long Blades    | |  2.9
Dodging        | |  2.9
Stealth        | |  1.7

Action                   || total
-------------------------++-------
Melee: Falchion          ||    79
       Punch             ||     2
       Dagger            ||     5
  Use: Potion            ||     1
 Stab: Sleeping          ||     4
Armor: Robe              ||    12
       Leather armour    ||     1
Dodge: Dodged            ||    44

Table legend: (Time is in decaauts)
 A = Elapsed time spent in this place.
 B = Non-inter-level travel time spent in this place.
 C = Inter-level travel time spent in this place.
 D = Time resting spent in this place.
 E = Time spent auto-exploring this place.
 F = Levels seen in this place.
 G = Mean time per level.
                   A        B        C        D        E       F      G
               +--------+--------+--------+--------+--------+-----+--------+
         Total |   1407 |   1270 |    137 |    347 |    596 |   2 |  703.5 |
       Dungeon |   1407 |   1270 |    137 |    347 |    596 |   2 |  703.5 |
               +--------+--------+--------+--------+--------+-----+--------+

Top non-repeatable levels by time:
     D:1: 1364 daAuts
     D:2: 43 daAuts

Table legend:
 A = Kills in this place as a percentage of kills in entire the game.
 B = Kills by you in this place as a percentage of kills by you in the entire game.
 C = Kills by friends in this place as a percentage of kills by friends in the entire game.
 D = Other kills in this place as a percentage of other kills in the entire game.
 E = Experience gained in this place as a percentage of experience gained in the entire game.
 F = Experience gained in this place divided by the number of levels of this place that you have seen.
                   A       B       C       D       E      F
               +-------+-------+-------+-------+-------+----------------------
         Total | 100.0 | 100.0 |   N/A |   N/A | 100.0 |  25.0
       Dungeon | 100.0 | 100.0 |   N/A |   N/A | 100.0 |  25.0
               +-------+-------+-------+-------+-------+----------------------
